 Dungeon Crawl Stone Soup version 0.32-a0-290-g598725c5f2 (webtiles) character file.

Game seed: 10952813456270611642

179754 tilp the Unseen (level 17, 0/143 HPs)
             Began as a Vampire Enchanter on Feb 12, 2024.
             Was the Champion of Wu Jian.
             Slain by a salamander (9 damage)
             ... on level 3 of the Snake Pit on Feb 13, 2024.
             The game lasted 01:25:44 (40742 turns).

tilp the Unseen (Vampire Enchanter)                Turns: 40742, Time: 01:25:44

Health: 0/143      AC: 23    Str:  7    XL:     17   Next: 62%
Magic:  30/30      EV: 14    Int: 37    God:    Wu Jian [******]
Gold:   944        SH:  5    Dex: 15    Spells: 5/35 levels left

rFire   . . .        a - +5 dagger (elec)
rCold   + . .        l - +0 buckler
rNeg    . . .        L - +3 steam dragon scales
rPois   +            s - +2 helmet {SInv}
rElec   .            t - +2 cloak
rCorr   .            e - +0 pair of gloves of Morality {Fly rPois}
SInv    +            D - +2 pair of boots of Absence {Int+6}
Will    +....        u - amulet of magic regeneration
Stlth   ++++++       g - ring of protection from cold
HPRegen 0.63/turn    w - +6 ring of intelligence
MPRegen 0.62/turn

%: no passive effects
@: about to teleport, flying, healing quickly, slowed, constricted, very slow
A: alive, fangs 3, see invisible, vampiric 2, claws 1, iridescent scales 1
a: Exsanguinate, Renounce Religion, Wall Jump, Serpent's Lash, Heavenly Storm


You were on level 3 of the Snake Pit.
You worshipped Wu Jian.
Wu Jian was exalted by your worship.
You visited 5 branches of the dungeon, and saw 27 of its levels.
You also visited: Gauntlet and Ice Cave.

You collected 3172 gold pieces.
You spent 2228 gold pieces at shops.

Inventory:

Hand Weapons
 a - a +5 dagger of electrocution (weapon)
 b - a +3 scimitar of flaming
 x - a +4 dagger of freezing
Missiles
 f - 25 boomerangs (quivered)
 q - 6 throwing nets {!f}
 y - 38 poisoned darts
 H - 7 silver javelins {!f}
 J - 11 javelins
 P - 8 curare-tipped darts {!f}
Armour
 e - the +0 pair of gloves of Morality (worn) {Fly rPois}
   (You acquired it on level 4 of the Dungeon)

   rPois:     It protects you from poison Fly: It grants you flight.
 l - a +0 buckler (worn)
 o - the +1 robe of Vines {NoPotionHeal Regen++++}
   (You found it on level 11 of the Dungeon)

   NoPotionHeal: Its wearer cannot be healed by potions.
   Regen++++: It increases your rate of health regeneration.
 s - a +2 helmet of see invisible (worn)
 t - a +2 cloak (worn)
 A - the +1 helmet "Ephegris" {rN+ Will+}
   (You found it in a Gauntlet)

   rN+:       It protects you from negative energy.
   Will+:     It increases your willpower.
 D - the +2 pair of boots of Absence (worn) {Int+6}
   (You bought it in a shop on level 2 of the Orcish Mines)

   Int+6:     It affects your intelligence (+6).
 L - +3 steam dragon scales (worn)
Jewellery
 g - a ring of protection from cold (left hand)
 u - an amulet of magic regeneration (around neck)
 w - a +6 ring of intelligence (right hand)
 G - the ring "Gourreug" {rPois rF- Will+ Str+6 Dex+3}
   (You found it in a Gauntlet)

   [ring of strength]

   Str+6:     It affects your strength (+6).
   Dex+3:     It affects your dexterity (+3).
   rF-:       It makes you vulnerable to fire.
   rPois:     It protects you from poison Will+: It increases your willpower.
 I - a ring of fire
Wands
 j - a wand of roots (16)
 m - a wand of light (19)
 z - a wand of flame (38)
 K - a wand of polymorph (5)
 X - a wand of paralysis (11)
Scrolls
 i - 6 scrolls of vulnerability
 k - 3 scrolls of fog
 p - 3 scrolls of silence
 v - 3 scrolls of poison
 E - 4 scrolls of teleportation
 N - 3 scrolls of butterflies
 S - 3 scrolls of revelation
 T - 2 scrolls of identify
 Y - 3 scrolls of fear {!r}
Potions
 c - a potion of invisibility
 d - 5 potions of resistance
 h - 3 potions of magic
 r - 3 potions of enlightenment
 B - 2 potions of haste
 C - 6 potions of curing
 M - a potion of heal wounds
 O - 3 potions of lignification
 R - 6 potions of ambrosia
 U - 3 potions of mutation
 V - 3 potions of attraction
 W - a potion of cancellation
Miscellaneous
 n - a sack of spiders
 F - a phial of floods
 Q - a condenser vane
 Z - a phantom mirror


   Skills:
 * Level 15.7 Fighting
 - Level 10.0 Short Blades
 + Level 8.9 Armour
 + Level 10.7 Dodging
 + Level 16.0 Stealth
 - Level 4.0 Shields
 + Level 9.6 Spellcasting
 - Level 4.0 Conjurations
 + Level 15.8 Hexes
 - Level 4.0 Summonings
 - Level 4.0 Translocations
 - Level 2.0 Ice Magic
 + Level 5.8 Alchemy
 + Level 8.7 Evocations


You had 5 spell levels left.
You knew the following spells:

 Your Spells              Type           Power      Damage    Failure   Level
a - Ensorcelled Hibernat  Hex/Ice        100%       N/A       1%          2
b - Confusing Touch       Hex            94%        N/A       0%          3
c - Tukima's Dance        Hex            94%        N/A       0%          3
d - Dazzling Flash        Conj/Hex       100%       N/A       1%          3
e - Yara's Violent Unrav  Hex/Alch       39%        3d16      1%          5
f - Enfeeble              Hex            47%        N/A       4%          7
g - Blink                 Tloc           94%        N/A       1%          2
h - Summon Mana Viper     Hex/Summ       74%        N/A       1%          5

Your spell library contained the following spells:

 Spells                   Type           Power      Damage    Failure   Level
 Slow                     Hex            100%       N/A       0%          1
 Jinxbite                 Hex            100%       N/A       0%          2
 Sigil of Binding         Hex            94%        N/A       0%          3
 Apportation              Tloc           94%        N/A       1%          1
 Magic Dart               Conj           100%       1d8       1%          1
 Call Imp                 Summ           94%        N/A       1%          2
 Searing Ray              Conj           94%        2d7       1%          2
 Call Canine Familiar     Summ           47%        N/A       1%          3
 Dimensional Bullseye     Hex/Tloc       37%        N/A       1%          4
 Cigotuvi's Dreadful Rot  Necr/Alch/Air  64%        N/A       2%          2
 Sandblast                Erth           34%        2d9       3%          1
 Silence                  Hex/Air        33%        N/A       3%          5
 Frozen Ramparts          Ice            64%        1d10      4%          3
 Stone Arrow              Conj/Erth      64%        3d11      4%          3
 Fulminant Prism          Conj/Alch      26%        3d13      4%          4
 Passage of Golubria      Tloc           47%        N/A       7%          4
 Alistair's Intoxication  Alch           38%        N/A       9%          5
 Passwall                 Erth           17%        N/A       11%         3
 Ignite Poison            Fire/Alch      39%        N/A       11%         4
 Leda's Liquefaction      Alch/Erth      19%        N/A       11%         4
 Brom's Barrelling Bould  Conj/Erth      32%        2d5       16%         4
 Martyr's Knell           Necr/Summ      32%        N/A       16%         4
 Summon Blazeheart Golem  Fire/Summ      32%        N/A       16%         4
 Vhi's Electric Charge    Tloc/Air       64%        N/A       16%         4
 Iskenderun's Battlesphe  Conj           47%        2d10      19%         5
 Dispel Undead            Necr           17%        3d10      34%         4
 Arcjolt                  Conj/Air       16%        1d26      41%         5
 Fireball                 Conj/Fire      16%        3d8       41%         5
 Freezing Cloud           Conj/Ice/Air   16%        6-21      41%         5
 Borgnjor's Vile Clutch   Necr/Erth      8%         N/A       69%         5
 Conjure Ball Lightning   Conj/Air       16%        3x3d6     94%         6
 Death Channel            Necr           8%         N/A       99%         6
 Plasma Beam              Fire/Air       8%         2x1d19    99%         6
 Orb of Destruction       Conj           23%        9d8       99%         7
 Spellforged Servitor     Conj/Summ      23%        N/A       99%         7
 Lehudib's Crystal Spear  Conj/Erth      16%        10d5      100%        8


Dungeon Overview and Level Annotations

Branches:
Dungeon (15/15)            Temple (1/1) D:7            Lair (5/5) D:9
 Shoals (0/4) Lair:2        Snake (4/4) Lair:2        Slime (0/5) Lair:5
    Orc (2/2) D:10            Elf (0/3) Orc:2        Vaults (0/5) D:14
 Depths (0/4) D:15          IceCv (visited)         Gauntlet (visited)

Altars:
Ashenzari
Cheibriados
Dithmenos
Fedhas
Gozag
Hepliaklqana
Kikubaaqudgha
Makhleb
Nemelex Xobeh
Okawaru
Qazlal
Ru
Sif Muna
Trog
Uskayaw
Vehumet
Wu Jian
Xom
Yredelemnul
Jiyva

Shops:
D:1 *   D:3 [   Orc:2 [[=(*:?*:=   Snake:2 ![!::   Snake:3 =

Portals:
Trove: D:10 (give 7 scrolls of fear)

Annotations:
D:11 2 transporters, Vorhees's ghost, journeyman DjCj
D:13 cacodemons!!, exclusions: cacodemon and green death
Lair:4 exclusion: 2 oklob plants


Innate Abilities, Weirdness & Mutations

Your natural rate of healing is accelerated.
You have razor-sharp teeth.
You have supernaturally acute eyesight. (SInv)
You are afflicted with vampirism and can become a bat while bloodless.
You have sharp fingernails.
You are partially covered in iridescent scales. (AC +2)


Message History

The salamander shoots an arrow.
The arrow misses you.
You feel very sick.
The guardian serpent casts a spell at you.
The naga mage blinks!
There is a stone staircase leading down here.
Unknown command.
Casting: Blink (safe; 1% risk of failure)
Confirm with . or Enter, or press ? or * to list all spells.
You blink.
You feel very sick.
The salamander shoots an arrow.
The arrow hits you but does no damage.
Unknown command.
Unknown command.
Unknown command.
You feel better.
The naga mage no longer looks unusually strong.
The guardian serpent coils itself and waves its upper body at you.
The naga mage blinks!
The salamander blinks!
The guardian serpent closely misses you.
Unknown command.
Unknown command.
Okay, then.
Casting: Blink (safe; 1% risk of failure)
Confirm with . or Enter, or press ? or * to list all spells.
Okay, then.
As you read the scroll of teleportation, it crumbles to dust.
You feel strangely unstable.
You feel ready to blink again. The naga mage closely misses you.
The naga mage grabs you. The naga mage constricts you.
The guardian serpent hits you!
* * * LOW HITPOINT WARNING * * *
The salamander unwields a +0 shortbow of flaming.
It stops flaming.
You block the salamander's attack.
The naga mage hits you but does no damage.
The naga mage constricts you.
You block the guardian serpent's attack.
The salamander hits you.
* * * LOW HITPOINT WARNING * * *
You are engulfed in flames!
You die...

....###...........##....#####..#.
.....##.<...ß...<.##......# #..#.
###..##....÷))....##....).# #..#.
#..######÷#)######......###....
#.......).[...÷)))...........#.
#.......#.⌠)#....÷.....####....
#...............)......'.......
#..######.#.######.....####....
#..##........S@[##....## #####
#..##.>...ß..NN.#######
#..##...........#
#########..§##### #...# ### #.>.#
#.. #...# ### #####


You could see a salamander (strong), a guardian serpent and a naga mage (fast).

Vanquished Creatures
  Jorgrun (D:15)
  Mlioglotl (Snake:1)
  Gastronok (Lair:3)
  Frances (D:14)
  Aizul (Snake:1)
  A frost giant (IceCv)
  A minotaur (Gauntlet)
  Josephine (D:15)
  Snorg (Lair:3)
  A yaktaur captain (D:14)
  An entropy weaver (shapeshifter) (D:15)
  A great orb of eyes (Gauntlet)
  Harold (D:9)
  5 hydras
  2 rakshasas (D:15)
  2 catoblepae
  Erolcha (D:11)
  A vault guard (D:10)
  6 centaur warriors
  5 boulder beetles
  3 ogre magi
  The ghost of Sudyph the Mimic, a journeyman OpSh of the Shining One (Lair:1)
  8 anacondas
  9 death yaks
  7 naga warriors
  12 two-headed ogres
  A tengu warrior (D:13)
  7 shock serpents
  3 orc high priests (Orc:2)
  15 naga sharpshooters
  Sonja (D:13)
  A soul eater (D:13)
  2 salamander mystics (Snake:3)
  3 skysharks
  A sixfirhy (D:13)
  7 mana vipers
  6 sea snakes
  An orb spider (shapeshifter) (D:15)
  A glowing orange brain (D:15)
  An arcanist (D:13)
  4 naga ritualists
  A lindwurm (Lair:5)
  Pikel (D:7)
  A necromancer (D:12)
  7 orc knights
  2 deep elf pyromancers
  2 orc sorcerers (Orc:2)
  An oklob plant (Gauntlet)
  13 ugly things
  11 salamanders
  A cyclops (D:13)
  6 manticores
  A meliai (Lair:1)
  Joseph (D:7)
  25 elephants
  A rust devil (D:13)
  An ice statue (IceCv)
  A smoke demon (D:13)
  A torpor snail (Lair:5)
  2 kobold blastminers (Orc:2)
  2 guardian serpents (Snake:3)
  32 black mambas
  An orange demon (D:13)
  21 naga magi
  An unseen horror (shapeshifter) (D:13)
  2 unseen horrors
  Maggie (D:8)
  5 gargoyles
  5 rime drakes
  13 cane toads
  Jeremiah (D:6)
  7 kobold demonologists
  2 yaktaurs (D:14)
  10 komodo dragons
  An efreet (D:13)
  A queen bee (Lair:1)
  A hellwing (D:13)
  6 trolls
  13 polar bears
  4 hornets
  16 blink frogs
  A raiju (Gauntlet)
  8 dream sheep
  A shadow (D:9)
  9 slime creatures
  A vampire (D:14)
  6 wraiths
  88 yaks
  5 wyverns
  8 basilisks
  2 neqoxecs (D:13)
  14 vampire mosquitoes
  2 steam dragons (Gauntlet)
  Grum (D:9)
  3 wargs (D:10)
  2 death yak simulacra (D:12)
  Menkaure (D:6)
  A naga (shapeshifter) (D:14)
  2 acid dragons (Gauntlet)
  35 nagas
  3 hydra simulacra (D:12)
  14 water moccasins
  2 sky beasts
  An ice beast (D:6)
  20 orc warriors
  8 ogres
  11 centaurs
  26 wolves
  3 phantoms
  3 kobold brigands
  Blork the orc (D:5)
  13 bullfrogs
  2 gnoll sergeants
  3 scorpions (D:6)
  4 wights
  3 elephant simulacra (D:12)
  8 killer bees
  2 electric eels
  5 howler monkeys
  2 bombardier beetles
  A crimson imp (D:13)
  2 bullfrog zombies (D:4)
  6 hounds
  3 jellies
  21 orc priests
  Crazy Yiuf (D:3)
  A gnoll bouda (D:5)
  A bullfrog skeleton (D:4)
  3 iguanas
  Ijyb (D:5)
  Natasha (thrice) (D:3)
  28 orc wizards
  2 scorpion zombies (D:4)
  3 hound zombies (D:4)
  A hound skeleton (D:4)
  7 adders
  20 gnolls
  A shadow imp (D:5)
  A white imp (D:6)
  3 hell rat simulacra (D:12)
  2 ufetubi (D:6)
  An adder zombie (D:4)
  2 ribbon worms (D:2)
  2 dart slugs
  66 orcs
  5 endoplasms
  8 goblins
  3 hobgoblins
  18 kobolds
  2 quokkas
  6 ball pythons
  A bat (D:1)
  5 rats
  A butterfly (Lair:2)
908 creatures vanquished.

Vanquished Creatures (collateral kills)
  A naga (Snake:2)
  5 wights
  A gnoll (D:6)
  An orc (D:4)
8 creatures vanquished.

Vanquished Creatures (others)
  2 naga magi
  3 dancing weapons
  A naga (Snake:4)
  An orc priest (Orc:2)
  2 kobolds (D:11)
9 creatures vanquished.

Grand Total: 925 creatures vanquished

Notes
Turn   | Place    | Note
-------+----------+-------------------------------------------
     0 | D:1      | tilp the Vampire Enchanter began the quest for the Orb.
     0 | D:1      | Reached XP level 1. HP: 13/13 MP: 3/3
   135 | D:1      | Reached XP level 2. HP: 20/20 MP: 5/5
   138 | D:1      | Learned a level 2 spell: Ensorcelled Hibernation
   163 | D:1      | Found a faded altar of an unknown god.
   313 | D:1      | Found Keyruu's General Store.
  1044 | D:2      | Reached skill level 1 in Fighting
  1297 | D:2      | Gained mutation: You are afflicted with vampirism and can
                  | become a bat while bloodless. [Vampire growth]
  1297 | D:2      | Reached XP level 3. HP: 26/26 MP: 3/6
  1338 | D:2      | Learned a level 3 spell: Confusing Touch
  1857 | D:3      | Reached XP level 4. HP: 32/32 MP: 4/7
  1870 | D:3      | Reached skill level 5 in Stealth
  1870 | D:3      | Reached skill level 5 in Hexes
  1968 | D:3      | Found a runed translucent door.
  1969 | D:3      | Noticed Crazy Yiuf
  2048 | D:3      | Noticed Natasha
  2055 | D:3      | Killed Natasha
  2056 | D:3      | Reached XP level 5. HP: 37/37 MP: 8/8
  2063 | D:3      | Reached skill level 1 in Ice Magic
  2096 | D:3      | Found Huki's Armour Emporium.
  2183 | D:3      | Noticed Natasha
  2238 | D:3      | Killed Natasha
  2395 | D:3      | Noticed Natasha
  2417 | D:3      | Killed Natasha
  2623 | D:3      | Killed Crazy Yiuf
  2624 | D:3      | Reached skill level 1 in Shields
  2624 | D:3      | Reached skill level 1 in Evocations
  2735 | D:4      | Identified a scroll of acquirement
  2735 | D:4      | Acquired the +0 pair of gloves of Morality {Fly rPois}
  2746 | D:4      | Learned a level 3 spell: Tukima's Dance
  2863 | D:4      | Noticed a phantom
  2887 | D:4      | Killed a phantom
  2888 | D:4      | Reached XP level 6. HP: 44/44 MP: 6/9
  3508 | D:4      | Reached XP level 7. HP: 51/51 MP: 7/11
  4060 | D:5      | Entered Level 5 of the Dungeon
  4450 | D:5      | You are sucked into a shaft and drop 1 floor!
  4544 | D:6      | Noticed Jeremiah
  4547 | D:6      | Noticed Menkaure
  4553 | D:6      | Reached skill level 6 in Stealth
  4591 | D:5      | Noticed Blork the orc
  4606 | D:5      | Killed Blork the orc
  4607 | D:5      | Reached XP level 8. HP: 24/58 MP: 1/12
  4973 | D:5      | Noticed Ijyb
  4980 | D:5      | Killed Ijyb
  5090 | D:5      | Found a bloodstained altar of Trog.
  5201 | D:5      | Learned a level 3 spell: Dazzling Flash
  5250 | D:5      | Reached skill level 5 in Short Blades
  5761 | D:6      | Found a broken altar of Ashenzari.
  6023 | D:6      | Reached skill level 7 in Stealth
  6417 | D:6      | Reached XP level 9. HP: 67/67 MP: 11/15
  6494 | D:6      | Found an iron altar of Okawaru.
  6605 | D:6      | Noticed a gargoyle
  6626 | D:6      | Killed a gargoyle
  6627 | D:6      | Reached skill level 5 in Fighting
  6631 | D:6      | Noticed an unseen horror
  6635 | D:6      | Reached skill level 8 in Stealth
  6659 | D:6      | Killed an unseen horror
  7156 | D:6      | Killed Menkaure
  7490 | D:6      | Found an iron altar of Okawaru.
  7604 | D:6      | Killed Jeremiah
  7695 | D:6      | Found a broken altar of Ashenzari.
  8364 | D:7      | Reached skill level 9 in Stealth
  8449 | D:7      | Noticed Joseph
  8466 | D:7      | Reached skill level 5 in Spellcasting
  8494 | D:7      | Killed Joseph
  8495 | D:7      | Reached XP level 10. HP: 45/73 MP: 3/17
  8622 | D:7      | Found a staircase to the Ecumenical Temple.
  8683 | Temple   | Entered the Ecumenical Temple
  8702 | Temple   | Became a worshipper of the Wu Jian Council
  8743 | D:7      | Noticed Pikel
  8748 | D:7      | Killed Pikel
  8749 | D:7      | Reached skill level 10 in Stealth
  9103 | D:8      | Noticed a two-headed ogre
  9106 | D:8      | Killed a two-headed ogre
  9107 | D:8      | Reached skill level 10 in Short Blades
  9613 | D:8      | Found a blossoming altar of Fedhas.
  9614 | D:8      | Noticed Maggie
  9639 | D:8      | Killed Maggie
  9762 | D:8      | Noticed a two-headed ogre
  9769 | D:8      | Killed a two-headed ogre
  9770 | D:8      | Reached skill level 1 in Conjurations
  9808 | D:8      | Reached skill level 1 in Armour
 10138 | D:9      | Reached * piety under Wu Jian
 10253 | D:9      | Noticed Harold
 10263 | D:9      | Killed Harold
 10345 | D:9      | Found a sacrificial altar of Ru.
 10368 | D:9      | Reached XP level 11. HP: 83/83 MP: 19/19
 10779 | D:9      | Noticed Grum
 10793 | D:9      | Reached skill level 5 in Dodging
 10880 | D:9      | Reached skill level 11 in Stealth
 10888 | D:9      | Killed Grum
 11022 | D:9      | Noticed a two-headed ogre
 11029 | D:9      | Killed a two-headed ogre
 11121 | D:9      | Found a staircase to the Lair.
 11439 | D:10     | Entered Level 10 of the Dungeon
 11476 | D:10     | Reached ** piety under Wu Jian
 11843 | D:10     | Found a staircase to the Orcish Mines.
 11904 | D:10     | Found a radiant altar of Vehumet.
 11961 | D:10     | Noticed a vault guard
 11978 | D:10     | Killed a vault guard
 12267 | D:10     | Found a portal to a secret trove of treasure.
 12409 | D:11     | Found a transporter.
 12414 | D:11     | Noticed a tengu warrior
 12437 | D:11     | Noticed Vorhees's ghost (journeyman DjCj)
 12438 | D:11     | Noticed a two-headed ogre
 12448 | D:11     | Found a transporter.
 12454 | D:11     | Found the +1 robe of Vines {NoPotionHeal Regen++++}
 12457 | D:11     | Noticed a six-headed hydra
 12457 | D:11     | Noticed a two-headed ogre
 12472 | D:11     | Noticed a two-headed ogre
 12476 | D:11     | Found a bloodstained altar of Trog.
 12488 | D:11     | Killed a two-headed ogre
 12502 | D:11     | Killed a six-headed hydra
 12622 | D:11     | Noticed Erolcha
 12630 | D:11     | Killed Erolcha
 12631 | D:11     | Reached skill level 12 in Stealth
 12631 | D:11     | Reached skill level 10 in Hexes
 12762 | D:11     | Reached XP level 12. HP: 94/94 MP: 13/21
 13076 | D:11     | Reached *** piety under Wu Jian
 13903 | Lair:1   | Entered Level 1 of the Lair of Beasts
 14531 | Lair:1   | Found a transporter.
 14532 | Lair:1   | Noticed Sudyph's ghost (journeyman OpSh)
 14533 | Lair:1   | Found a transporter.
 15373 | Lair:1   | Reached skill level 10 in Fighting
 15460 | Lair:1   | Killed Sudyph's ghost
 15479 | Lair:1   | Reached skill level 5 in Armour
 15664 | Lair:2   | Noticed a five-headed hydra
 15686 | Lair:2   | Killed a five-headed hydra
 15896 | Lair:2   | Noticed a six-headed hydra
 15897 | Lair:2   | Found a staircase to the Shoals.
 16063 | Lair:2   | Killed a six-headed hydra
 16105 | Lair:2   | Reached XP level 13. HP: 105/105 MP: 16/23
 16329 | Lair:2   | Found a staircase to the Snake Pit.
 17049 | Lair:3   | Reached **** piety under Wu Jian
 17334 | Lair:3   | Learned a level 5 spell: Yara's Violent Unravelling
 17342 | Lair:3   | Learned a level 7 spell: Enfeeble
 17345 | Lair:3   | Learned a level 2 spell: Blink
 17656 | Lair:3   | Noticed Snorg
 17659 | Lair:3   | Killed Snorg
 17663 | Lair:3   | Reached skill level 1 in Translocations
 17928 | Lair:3   | Noticed Gastronok
 17952 | Lair:3   | Killed Gastronok
 18457 | Lair:4   | Reached skill level 5 in Evocations
 18468 | Lair:4   | Reached ***** piety under Wu Jian
 19603 | Lair:5   | Entered Level 5 of the Lair of Beasts
 19607 | Lair:5   | Reached XP level 14. HP: 116/116 MP: 25/25
 20227 | Lair:5   | Found a viscous altar of Jiyva.
 20227 | Lair:5   | Found a staircase to the Slime Pits.
 20813 | Lair:5   | Reached skill level 13 in Stealth
 22452 | Lair:5   | Found a viscous altar of Jiyva.
 22458 | Lair:5   | Found a staircase to the Slime Pits.
 23142 | D:1      | Bought a potion of resistance for 110 gold pieces
 23367 | Orc:1    | Entered Level 1 of the Orcish Mines
 24538 | Orc:2    | Entered Level 2 of the Orcish Mines
 24542 | Orc:2    | Found Qyruw's Overcharged Wands.
 24547 | Orc:2    | Found Yblem's Book Shoppe.
 24592 | Orc:2    | Found Hosipaso's Book Emporium.
 24666 | Orc:2    | Reached ****** piety under Wu Jian
 24971 | Orc:2    | Found Umunas's Magic Scroll Shoppe.
 25151 | Orc:2    | Found Minuw's Jewellery Boutique.
 25740 | Orc:2    | Paralysed by an orc sorcerer for 4 turns
 25883 | Orc:2    | Reached skill level 1 in Alchemy
 25918 | Orc:2    | Found Urelli's Antique Armour Emporium.
 25921 | Orc:2    | Found a staircase to the Elven Halls.
 26089 | Orc:2    | Reached XP level 15. HP: 123/123 MP: 22/27
 26342 | Orc:2    | Found Kaloc's General Store.
 26342 | Orc:2    | Found Foitwegh's Antique Weapon Emporium.
 26355 | Orc:2    | Found Ynikkies's Jewellery Shop.
 26355 | Orc:2    | Found Reukim's Armour Emporium.
 26371 | Orc:2    | Bought a potion of curing for 45 gold pieces
 26371 | Orc:2    | Bought a phantom mirror for 600 gold pieces
 26371 | Orc:2    | Bought a scroll of identify for 30 gold pieces
 26411 | Orc:2    | Bought a scroll of enchant weapon for 97 gold pieces
 26413 | Orc:2    | Bought a scroll of blinking for 97 gold pieces
 26413 | Orc:2    | Bought a scroll of teleportation for 39 gold pieces
 26413 | Orc:2    | Bought a scroll of teleportation for 39 gold pieces
 26428 | Orc:2    | Bought the Encyclopedia of the Entourage and the Jinx for
                  | 750 gold pieces
 26434 | Orc:2    | Learned a level 5 spell: Summon Mana Viper
 26483 | Orc:2    | Bought a pair of ichor-stained boots for 237 gold pieces
 26483 | Orc:2    | Identified the +2 pair of boots of Absence {Int+6} (You
                  | bought it in a shop on level 2 of the Orcish Mines)
 26530 | Orc:2    | Bought a scroll of vulnerability for 52 gold pieces
 26530 | Orc:2    | Bought a scroll of vulnerability for 52 gold pieces
 26706 | D:12     | Found a gate leading to a gauntlet.
 26778 | Gauntlet | Entered a Gauntlet
 26778 | Gauntlet | Found a transporter.
 26778 | Gauntlet | Found a transporter.
 26778 | Gauntlet | Found a transporter.
 26849 | Gauntlet | Found a transporter.
 26852 | Gauntlet | Found a transporter.
 26852 | Gauntlet | Found a transporter.
 26862 | Gauntlet | Found a transporter.
 26866 | Gauntlet | Found a transporter.
 26878 | Gauntlet | Found a transporter.
 26979 | Gauntlet | Found a transporter.
 26983 | Gauntlet | Found a transporter.
 26993 | Gauntlet | Found a transporter.
 27179 | Gauntlet | Identified the ring "Gourreug" {rPois rF- Will+ Str+6
                  | Dex+3}
 27269 | Gauntlet | Identified the +1 helmet "Ephegris" {rN+ Will+}
 27349 | Gauntlet | Reached skill level 1 in Summonings
 27371 | Gauntlet | Identified the +4 mace of Virtue {freeze, ^Fragile rF+++
                  | rC+++ Int-3}
 28474 | D:13     | Found a frozen archway.
 28514 | IceCv    | Entered an ice cave
 29027 | IceCv    | Noticed a frost giant
 29030 | IceCv    | Killed a frost giant
 29031 | IceCv    | Reached skill level 14 in Stealth
 30089 | D:13     | Gained mutation: You have hidden genetic defects. [a
                  | neqoxec]
 30103 | D:13     | Lost mutation: You have hidden genetic defects. [potion of
                  | mutation]
 30103 | D:13     | Gained mutation: You have sharp fingernails. [potion of
                  | mutation]
 30103 | D:13     | Gained mutation: You are partially covered in iridescent
                  | scales. (AC +2) [potion of mutation]
 30194 | D:13     | Noticed Sonja
 30198 | D:13     | Killed Sonja
 30199 | D:13     | Reached skill level 10 in Dodging
 30568 | D:13     | HP: 1/118 [balrug/+0 demon whip of venom (27)]
 30893 | D:13     | Found a burning altar of Makhleb.
 30912 | D:13     | Got the Volume of the Alpine Fjord
 31416 | D:14     | Found a gate to the Vaults.
 31435 | D:14     | HP: 6/125 [yaktaur captain (14)]
 31741 | D:14     | Identified the orb "Ynekhemagg" {*Rage, +Blink SInv Summ}
 31903 | D:14     | Noticed Frances
 31906 | D:14     | Killed Frances
 31925 | D:14     | Reached XP level 16. HP: 133/133 MP: 25/28
 32373 | D:15     | Entered Level 15 of the Dungeon
 32508 | D:15     | Paralysed by an ogre mage for 3 turns
 32802 | D:15     | Noticed Josephine
 32951 | D:15     | Killed Josephine
 33025 | D:15     | Reached skill level 15 in Stealth
 33910 | D:15     | Noticed Jorgrun
 33918 | D:15     | Killed Jorgrun
 34069 | D:15     | Found a staircase to the Depths.
 34343 | D:15     | Upgraded the game from 0.32-a0-171-g4625e66871 to
                  | 0.32-a0-290-g598725c5f2
 34516 | Snake:1  | Entered Level 1 of the Snake Pit
 35007 | Snake:1  | Reached skill level 15 in Fighting
 35374 | Snake:1  | Noticed Mlioglotl
 35377 | Snake:1  | Reached skill level 15 in Hexes
 35389 | Snake:1  | Killed Mlioglotl
 35443 | Snake:1  | Identified the serpent talisman "Oveixeum" {*Slow Will+
                  | SInv}
 35443 | Snake:1  | Noticed Aizul
 35570 | Snake:1  | Killed Aizul
 36326 | Snake:2  | Found Zueteig's Book Emporium.
 36327 | Snake:2  | Found Zacs's Distillery.
 36327 | Snake:2  | Found Zavvulegg's Armour Shoppe.
 36330 | Snake:2  | Found Ejatruaff's Distillery.
 36343 | Snake:2  | Bought a potion of heal wounds for 80 gold pieces
 37113 | Snake:2  | Reached XP level 17. HP: 142/142 MP: 30/30
 37372 | Snake:2  | Found Teesed's Tiny Tomes.
 38329 | Snake:3  | Reached skill level 5 in Alchemy
 39481 | Snake:3  | Found Olur's Jewellery Shop.
 40224 | Snake:3  | Found Olur's Jewellery Shop.
 40519 | Snake:4  | Entered Level 4 of the Snake Pit
 40548 | Snake:4  | Reached skill level 16 in Stealth
 40742 | Snake:3  | Slain by a salamander

Illustrated notes

Levels and vault maps discovered:
D:1:      wheals_arrival_shading, layout_loops_ring,
          dreamdust_ecumenical_altar_grove, serial_shops, nicolae_shop_trees
D:2:      layout_basic, chequers_garden
D:3:      layout_rooms, serial_shops, shop, item_on_display_a,
          uniq_crazy_yiuf_cottage, uniq_natasha
D:4:      layout_cave_pods, serial_undead, serial_undead_a, serial_undead_f,
          serial_undead_c, serial_undead_a, serial_undead_f, serial_undead_e,
          nicolae_twisty_statue_hallways
D:5:      layout_loops_corners, kennysheep_mini_moat, bloody_trog,
          minmay_misc_feat_diagonals, uniq_ijyb, uniq_blork_the_orc
D:6:      kennysheep_big_flooded_room, layout_loops_ring, amcnicky_altar_gilded,
          mainiacjoe_overflow_alcove_4, grunt_ministairs_14,
          minmay_fractal_squares_gapless_5, uniq_jeremiah, uniq_menkaure
D:7:      layout_basic, minmay_temple_entry_wispy, uniq_joseph, uniq_pikel
D:8:      layout_loops_corners, old_standard_altar, uniq_maggie
D:9:      layout_roguey, lemuel_round_altar, lair_entry_dummy,
          hangedman_decor_riveting, hangedman_abyss_or_decor_jellyfish_corner,
          uniq_harold, uniq_grum
D:10:     layout_rooms, lemuel_tele_altar, nicolae_vehumet_altar_sigil,
          orc_0_dummy, enter_trove_5
D:11:     layout_basic, gammafunk_ghost_wrathful_warriors,
          hellmonk_guarded_unrand_vines, uniq_erolcha
D:12:     layout_gridville, gauntlet_entry_generic, eino_house_with_fridge
D:13:     evilmike_makhleb_hellhole, layout_long_grid,
          portal_ice_cave_entry_pillars_2, lightli_wizard_tower, uniq_sonja
D:14:     layout_loops_corners, david_vaults_2, chequers_serial_rivers_micro_e,
          uniq_frances
D:15:     gammafunk_enter_depths_forms, layout_basic, grunt_decor_junction,
          uniq_jorgrun, uniq_josephine
Temple:   jpeg_temple_clearing
Lair:1:   layout_hall_layers, gammafunk_ghost_hive
Lair:2:   layout_cave_pods, minmay_shoals_entry_centaurs, dummy_snake_entry,
          lemuel_fruit_fields, infiniplex_staircase_pool
Lair:3:   layout_roguey, beast_lair_carwin_11, uniq_gastronok, uniq_snorg
Lair:4:   minmay_lair_oklob_tunnel, layout_loops_ring,
          kennysheep_basilisk_garden
Lair:5:   hangedman_lair_in_review, layout_big_grid, dpeg_slime_entry_enclosed,
          minivault_11, infiniplex_staircase_pool_2
Snake:1:  nicolae_snake_nest, layout_grid_maze, serial_bayou_shore_b,
          uniq_mlioglotl, uniq_aizul
Snake:2:  layout_layer_cave, nicolae_shop_i_like_small_books_too,
          serial_bayou_lake_a, minmay_shoptagon
Snake:3:  layout_basic, nicolae_take_the_stairs, nicolae_elevator_lobby_plus
Snake:4:  grunt_snake_rune_pools, layout_rooms, serial_bayou_shore_a,
          serial_bayou_shore_b
Orc:1:    layout_caves
Orc:2:    grunt_orc_tribal_feast, layout_diamond_mine, serial_shops,
          nicolae_shop_trees, shop_coins, shop, shop, nicolae_shop_stone,
          nicolae_shop_overcharged_wands

Skill      XL: |  1  2  3  4  5  6  7  8  9 10 11 12 13 14 15 16 17 |
---------------+----------------------------------------------------+-----
Fighting       | 1 2 3 4 6 8 10 12 13 14 15 | 15.7
Short Blades   | 2 3 4 6 8 10 | 10.0
Stealth        | 5 6 7 9 10 12 13 14 15 16 | 16.0
Hexes          | 5 6 7 8 10 11 12 15 | 15.8
Ice Magic      | 1 2 |  2.0
Dodging        | 3 4 6 8 9 10 | 10.7
Shields        | 1 2 3 4 |  4.0
Evocations     | 1 2 3 4 5 6 8 |  8.7
Spellcasting   | 3 4 5 6 7 8 9 |  9.6
Conjurations   | 1 2 3 4 |  4.0
Armour         | 1 3 5 6 7 8 |  8.9
Translocations | 2 4 |  4.0
Alchemy        | 1 3 4 5 |  5.8
Summonings     | 3 4 |  4.0

Action                     |  1- 3 |  4- 6 |  7- 9 | 10-12 | 13-15 | 16-18 || total
---------------------------+-------+-------+-------+-------+-------+-------++-------
  Melee: Dagger            |    47 |   132 |   251 |   587 |  1187 |   651 ||  2855
         Bite              |     3 |    17 |    33 |    70 |   171 |   102 ||   396
         Scimitar          |       |       |       |       |     3 |     8 ||    11
  Throw: Boomerang         |       |       |     4 |       |     7 |     5 ||    16
   Cast: Ensorcelled Hiber |    15 |    20 |    80 |   143 |   399 |   241 ||   898
         Confusing Touch   |       |     6 |    15 |    25 |    47 |    19 ||   112
         Tukima's Dance    |       |       |     4 |    14 |     2 |     5 ||    25
         Dazzling Flash    |       |       |       |    11 |    62 |    14 ||    87
         Enfeeble          |       |       |       |       |       |    63 ||    63
         Summon Mana Viper |       |       |       |       |       |     1 ||     1
         Yara's Violent Un |       |       |       |       |       |     1 ||     1
         Blink             |       |       |       |       |       |     5 ||     5
Ability: Lunge             |       |       |       |    42 |   100 |    80 ||   222
         Whirlwind         |       |       |       |    12 |    41 |    17 ||    70
  Evoke: Wand              |       |       |       |     3 |       |     2 ||     5
         Condenser vane    |       |       |       |       |     1 |       ||     1
    Use: Scroll            |       |     9 |     7 |     5 |    19 |     7 ||    47
         Potion            |       |       |       |     2 |     5 |     2 ||     9
   Stab: Sleeping          |    23 |    13 |    61 |   103 |   288 |   124 ||   612
         Confused          |       |     7 |     9 |    21 |    54 |    17 ||   108
         Invisible         |       |       |       |    20 |    58 |    75 ||   153
         Petrifying        |       |       |       |       |     1 |       ||     1
         Petrified         |       |       |       |       |     1 |       ||     1
         Distracted        |       |       |       |       |       |     1 ||     1
 Armour: Robe              |    10 |    42 |       |       |       |       ||    52
         Leather armour    |       |    20 |   119 |     9 |       |       ||   148
         Steam dragon scal |       |       |       |   299 |   725 |   364 ||  1388
  Dodge: Dodged            |    16 |    58 |   116 |   339 |   720 |   427 ||  1676
  Block: Buckler           |     5 |    23 |    42 |   111 |   189 |   126 ||   496

Table legend: (Time is in decaauts)
 A = Elapsed time spent in this place.
 B = Non-inter-level travel time spent in this place.
 C = Inter-level travel time spent in this place.
 D = Time resting spent in this place.
 E = Time spent auto-exploring this place.
 F = Levels seen in this place.
 G = Mean time per level.
                   A        B        C        D        E       F      G
               +--------+--------+--------+--------+--------+-----+--------+
         Total |  39905 |  37744 |   2161 |   7130 |  23173 |  29 | 1376.0 |
       Dungeon |  20899 |  19645 |   1254 |   3544 |  12476 |  15 | 1393.3 |
        Temple |     37 |      2 |     35 |      0 |      1 |   1 |   37.0 |
          Lair |   8839 |   8529 |    310 |   1082 |   5949 |   5 | 1767.8 |
     Snake Pit |   6105 |   5802 |    303 |   1309 |   3121 |   4 | 1526.2 |
  Orcish Mines |   2338 |   2081 |    257 |    632 |   1018 |   2 | 1169.0 |
      Ice Cave |    970 |    970 |      0 |    364 |    380 |   1 |  970.0 |
      Gauntlet |    714 |    714 |      0 |    198 |    228 |   1 |  714.0 |
               +--------+--------+--------+--------+--------+-----+--------+

Top non-repeatable levels by time:
  Lair:5: 3055 daAuts
     D:6: 2335 daAuts
 Snake:3: 2252 daAuts
   Orc:2: 1953 daAuts
    D:15: 1930 daAuts
 Snake:2: 1911 daAuts
 Snake:1: 1726 daAuts
    D:13: 1681 daAuts
  Lair:1: 1644 daAuts
  Lair:4: 1624 daAuts
    D:10: 1624 daAuts
     D:4: 1556 daAuts
     D:9: 1534 daAuts
    D:11: 1458 daAuts
  Lair:2: 1420 daAuts
